 Dungeon Crawl Stone Soup version 0.19.5 (webtiles) character file.

51153 ghjk the Severer (level 14, -18/135 HPs)
             Began as a Minotaur Fighter on Apr 19, 2017.
             Was the Champion of Okawaru.
             Demolished by a hill giant
             ... wielding a +0 giant club
              (29 damage)
             ... on level 2 of the Orcish Mines.
             The game lasted 00:33:30 (15387 turns).

ghjk the Severer (Minotaur Fighter)                Turns: 15387, Time: 00:33:31

Health: -18/135    AC: 24    Str: 26    XL:     14   Next: 22%
Magic:  0/13       EV: 12    Int:  5    God:    Okawaru [******]
Gold:   638        SH:  5    Dex: 17    Spells: 0 memorised, 13 levels left

rFire  . . .     SeeInvis .     Z - +7 broad axe of Okawaru's Vengeance {pain, Dex+7}
rCold  . . .     Gourm    .     q - +1 plate armour
rNeg   . . .     Faith    +     G - +0 buckler (curse)
rPois  +         Spirit   +     L - +0 hat {Spirit}
rElec  .         Reflect  .     p - +2 cloak
rCorr  +         Harm     .     h - +1 pair of gloves
MR     +....                    (no boots)
Stlth  ..........               n - amulet of faith
                                F - ring of resist corrosion
                                a - ring of poison resistance

@: lethally poisoned (-18 -> -18)
A: retaliatory headbutt, horns 2, shaggy fur 1
a: Heroism, Finesse, Renounce Religion


You were on level 2 of the Orcish Mines.
You worshipped Okawaru.
Okawaru was exalted by your worship.
You were not hungry.

You visited 3 branches of the dungeon, and saw 18 of its levels.

You collected 1335 gold pieces.
You spent 697 gold pieces at shops.

Inventory:

Hand Weapons
 d - a +2 executioner's axe of freezing
 m - a cursed -1 arbalest
 s - a +3 war axe of flaming
 X - a +1 battleaxe of chopping
 Y - a cursed +2 battleaxe
 Z - the +7 broad axe of Okawaru's Vengeance (weapon) {pain, Dex+7}
   (Okawaru gifted it to you on level 13 of the Dungeon)

   In the hands of one skilled in necromantic magic, it inflicts extra damage on
   living creatures.
   It affects your dexterity (+7).
Missiles
 z - 166 bolts
Armour
 b - a +0 scale mail
 c - a +0 shield
 h - a +1 pair of gloves (worn)
 p - a +2 cloak (worn)
 q - a +1 plate armour (worn)
 G - a cursed +0 buckler (worn)
 L - a +0 hat of spirit shield (worn)
Jewellery
 a - a ring of poison resistance (left hand)
 n - an amulet of faith (around neck)
 u - an uncursed ring of see invisible
 F - a ring of resist corrosion (right hand)
Wands
 k - a wand of slowing (10/48)
 I - a wand of lightning (7/15)
 J - a wand of polymorph (4/24)
 Q - a wand of teleportation (9/9)
 R - a wand of confusion (40/48)
 V - a wand of disintegration (11/24)
Scrolls
 g - 2 scrolls of fog
 l - 6 scrolls of remove curse
 w - 4 scrolls of magic mapping
 B - 3 scrolls of enchant weapon
 D - 9 scrolls of teleportation
 H - 2 scrolls of fear
 M - a scroll of amnesia
Potions
 e - a potion of flight
 i - 5 potions of brilliance
 v - 7 potions of curing
 C - 2 potions of lignification
 E - 2 potions of ambrosia {unknown}
 O - a potion of berserk rage
 S - a potion of magic {unknown}
 T - 2 potions of resistance
 W - 2 potions of agility
Comestibles
 f - 6 bread rations
 t - 8 meat rations


   Skills:
 + Level 15.2 Fighting
 + Level 19.2 Axes
 + Level 13.3 Armour
 + Level 7.0 Dodging
 - Level 0.8 Stealth
 - Level 3.6 Shields
 + Level 0.2 Unarmed Combat


You had 13 spell levels left.
You didn't know any spells.

Dungeon Overview and Level Annotations

Branches:
Dungeon (15/15)            Temple (1/1) D:5            Lair (0/6) D:9
    Orc (2/2) D:11         Vaults (0/5) D:14         Depths (0/5) D:15
    Elf: Orc:2

Altars:
Ashenzari
Cheibriados
Dithmenos
Elyvilon
Fedhas
Gozag
Hepliaklqana
Kikubaaqudgha
Makhleb
Nemelex Xobeh
Okawaru
Qazlal
Ru
Sif Muna
Trog
Uskayaw
Vehumet
Xom
Yredelemnul
Zin
The Shining One

Shops:
D:8 :*   D:12 }   D:15 **=%}

Annotations:
D:15 exclusion: Roxanne, Roxanne


Innate Abilities, Weirdness & Mutations

You reflexively headbutt those who attack you in melee.
You have a pair of horns on your head.
You are covered in fur. (AC +1)


Message History

You furiously retaliate!
You headbutt the two-headed ogre.
You kill the two-headed ogre!
Okawaru accepts your kill.
You closely miss the troll.
The troll is severely wounded.
You feel sick.
The two-headed ogre moves out of view.
The troll bites you but does no damage. The troll claws you but does no damage.
You block the troll's attack.
Unknown command.
You slice the troll!!
You kill the troll!
Okawaru accepts your kill.
You slash the hill giant!
The ogre mage mumbles some strange words.
The ogre mage blinks!
Unknown command.
You slash the hill giant! Your headbutt misses the hill giant.
The hill giant is moderately wounded.
The hill giant hits you with a giant club!!
You die...

## ######### #
#.##.#.#$#.###..
................
#...............
#...............
#.....O).....$..
#.......@[......
#.....CO)......
.#.....OO†#.....
.......)))......
.#.##.T<........
# #.C.........
..T...........
....O.#......#..
.O....#.........


You could see a hill giant, an ogre mage, a cyclops, 2 trolls, 3 two-headed
ogres and an ogre.

Vanquished Creatures
  Kirke (D:12)
  A fire giant (D:15)
  A fire dragon (D:15)
  2 vault guards (D:14)
  A hydra (D:15)
  4 centaur warriors
  A catoblepas (D:14)
  An ogre mage (Orc:2)
  3 tengu warriors (D:14)
  A fire crab (D:15)
  2 unseen horrors
  4 hill giants
  2 deep trolls (Orc:2)
  The ghost of Inarius the Carver, a novice MiFi of Elyvilon (D:6)
  3 deep elf magi (D:15)
  2 necromancers (D:14)
  An orc sorcerer (Orc:1)
  3 ugly things
  2 orc knights (D:15)
  3 cyclopes
  2 manticores (D:12)
  Maurice (D:8)
  2 gargoyles
  A molten gargoyle (D:14)
  4 centaur skeletons
  3 komodo dragons
  A kobold demonologist (D:12)
  A yaktaur (D:13)
  An efreet (D:14)
  2 tengu conjurers (D:15)
  7 trolls
  A hornet (D:14)
  2 hippogriffs
  4 two-headed ogres
  Sigmund (D:2)
  2 wraiths
  A shadow (D:15)
  2 wyverns
  26 yaks
  3 fire elementals (D:14)
  A basilisk (D:12)
  21 humans (D:14)
  3 hogs (D:12)
  4 hungry ghosts
  3 wargs
  A water moccasin (D:11)
  Duvessa (D:5)
  8 sky beasts
  7 ice beasts
  2 eyes of draining (D:15)
  15 orc warriors
  A phantom (D:12)
  A black bear (D:8)
  24 ogres
  A necrophage (D:11)
  17 centaurs
  3 big kobolds
  11 bullfrogs
  Dowan (D:5)
  4 scorpions
  4 killer bees
  11 wights
  3 howler monkeys
  4 crimson imps
  A bullfrog zombie (D:12)
  A lava snake (D:14)
  7 hounds
  A quasit (D:8)
  2 bullfrog skeletons
  5 centaur zombies
  3 jellies
  16 orc wizards
  19 orc priests
  Crazy Yiuf (D:2)
  Ijyb (D:3)
  Natasha (thrice) (D:2)
  3 iguanas
  5 worker ants
  A hound skeleton (D:4)
  A hound zombie (D:8)
  11 adders
  12 gnolls
  2 shadow imps
  An ooze (D:3)
  4 adder skeletons
  5 worms
  2 dart slugs
  6 leopard geckos
  55 orcs
  2 ball pythons
  5 giant cockroaches
  7 goblins
  14 hobgoblins
  4 jackals (D:8)
  12 kobolds
  3 quokkas
  14 bats
  A frilled lizard (D:3)
  A leopard gecko skeleton (D:5)
  7 rats
495 creatures vanquished.

Vanquished Creatures (others)
  A human (D:12)
  A fire vortex (D:14)
2 creatures vanquished.

Grand Total: 497 creatures vanquished

Notes
Turn   | Place    | Note
-------+----------+-------------------------------------------
     0 | D:1      | ghjk the Minotaur Fighter began the quest for the Orb.
     0 | D:1      | Reached XP level 1. HP: 19/19 MP: 0/0
   130 | D:1      | Reached XP level 2. HP: 27/27 MP: 1/1
   783 | D:2      | Noticed Sigmund
   794 | D:2      | Killed Sigmund
   794 | D:2      | Reached skill level 5 in Fighting
   794 | D:2      | Reached skill level 4 in Axes
   794 | D:2      | Reached XP level 3. HP: 6/36 MP: 2/2
   794 | D:2      | Reached XP level 4. HP: 7/42 MP: 3/3
   794 | D:2      | Reached XP level 5. HP: 8/48 MP: 4/4
  1017 | D:2      | Reached skill level 5 in Armour
  1035 | D:2      | Found a hazy altar of Hepliaklqana.
  1059 | D:2      | Reached skill level 1 in Dodging
  1069 | D:2      | Noticed Natasha
  1087 | D:2      | Killed Natasha
  1183 | D:2      | Noticed Natasha
  1195 | D:2      | Killed Natasha
  1195 | D:2      | Reached XP level 6. HP: 8/56 MP: 5/5
  1348 | D:2      | Found a faded altar of an unknown god.
  1359 | D:2      | Noticed Natasha
  1365 | D:2      | Killed Natasha
  1365 | D:2      | Reached skill level 5 in Axes
  1673 | D:2      | Found a runed door.
  1677 | D:2      | Noticed Crazy Yiuf
  1681 | D:2      | Killed Crazy Yiuf
  1748 | D:3      | Noticed Ijyb
  1761 | D:3      | Killed Ijyb
  1990 | D:3      | Found a sacrificial altar of Ru.
  2216 | D:4      | Reached skill level 6 in Axes
  2216 | D:4      | Reached XP level 7. HP: 61/62 MP: 6/6
  3011 | D:5      | Entered Level 5 of the Dungeon
  3211 | D:5      | Reached skill level 7 in Axes
  3289 | D:5      | Found a staircase to the Ecumenical Temple.
  3301 | Temple   | Entered the Ecumenical Temple
  3383 | Temple   | Became a worshipper of Warmaster Okawaru
  3516 | D:5      | Noticed Duvessa
  3520 | D:5      | Killed Duvessa
  3521 | D:5      | Noticed Dowan
  3526 | D:5      | Killed Dowan
  3526 | D:5      | Reached XP level 8. HP: 71/71 MP: 7/7
  3815 | D:5      | Reached skill level 8 in Axes
  4341 | D:6      | Noticed Inarius's ghost (novice MiFi)
  4355 | D:6      | Killed Inarius's ghost
  4355 | D:6      | Reached * piety under Okawaru
  4355 | D:6      | Reached skill level 9 in Axes
  4356 | D:6      | Reached ** piety under Okawaru
  4585 | D:7      | Reached skill level 10 in Axes
  4585 | D:7      | Reached XP level 9. HP: 52/79 MP: 8/8
  4927 | D:7      | Noticed a troll
  4942 | D:7      | Killed a troll
  4963 | D:7      | Reached skill level 11 in Axes
  5064 | D:7      | Reached *** piety under Okawaru
  5275 | D:8      | Found Socrulee's General Store.
  5282 | D:8      | Bought a scroll of identify for 32 gold pieces
  5316 | D:8      | Reached XP level 10. HP: 49/90 MP: 9/9
  5378 | D:8      | Found Gaocwad's Book Shoppe.
  5406 | D:8      | Reached skill level 12 in Axes
  5421 | D:8      | Found a sparkling altar of Nemelex Xobeh.
  5566 | D:8      | Reached skill level 5 in Dodging
  5604 | D:8      | Noticed Maurice
  5718 | D:8      | Killed Maurice
  5718 | D:8      | Reached **** piety under Okawaru
  5899 | D:9      | Found an opulent altar of Gozag.
  6000 | D:9      | Found a snail-covered altar of Cheibriados.
  6160 | D:9      | Found a basalt altar of Yredelemnul.
  6260 | D:9      | Found a staircase to the Lair.
  6486 | D:10     | Entered Level 10 of the Dungeon
  7092 | D:10     | Reached skill level 13 in Axes
  7302 | D:10     | Reached ***** piety under Okawaru
  7349 | D:11     | Noticed a gargoyle
  7874 | D:11     | Received a gift from Okawaru
  7961 | D:11     | Noticed a red ugly thing
  8054 | D:11     | Killed a gargoyle
  8113 | D:11     | Found a staircase to the Orcish Mines.
  8129 | D:11     | Reached skill level 10 in Fighting
  8144 | D:11     | Reached XP level 11. HP: 38/99 MP: 10/10
  8145 | D:11     | Reached skill level 14 in Axes
  8597 | D:11     | Killed a red ugly thing
  8663 | D:11     | Noticed a white ugly thing
  8802 | D:11     | Received a gift from Okawaru
  9908 | D:12     | Reached skill level 10 in Armour
 10295 | D:12     | Reached skill level 15 in Axes
 10327 | D:12     | Received a gift from Okawaru
 10549 | D:12     | Noticed a brown ugly thing
 10570 | D:12     | Got a faintly humming plate armour {god gift}
 10589 | D:12     | Identified the +14 plate armour of the Bells {+Fly Regen+ Int-5 Slay+4} (Okawaru gifted it to you on level 12 of the Dungeon)
 10589 | D:12     | Lost intelligence.
 10712 | D:12     | Noticed a hill giant
 10721 | D:12     | Killed a hill giant
 10807 | D:12     | Noticed a red ugly thing
 10818 | D:12     | Killed a red ugly thing
 10832 | D:12     | Reached ****** piety under Okawaru
 10837 | D:12     | Reached XP level 12. HP: 80/110 MP: 11/11
 10854 | D:12     | Found Cek Hizoerre's Gadget Shoppe.
 10984 | D:12     | Noticed Kirke
 11004 | D:12     | Killed Kirke
 11234 | D:13     | Reached skill level 16 in Axes
 11380 | D:13     | Received a gift from Okawaru
 11383 | D:13     | Got a dazzling broad axe {god gift}
 11384 | D:13     | Identified the +7 broad axe of Okawaru's Vengeance {pain, Dex+7} (Okawaru gifted it to you on level 13 of the Dungeon)
 11625 | D:13     | Noticed a centaur warrior
 11639 | D:13     | Killed a centaur warrior
 11746 | D:13     | Gained mutation: You are covered in fur. (AC +1) [potion of beneficial mutation]
 12144 | D:14     | Noticed a tengu warrior
 12144 | D:14     | Noticed a tengu warrior
 12150 | D:14     | Killed a tengu warrior
 12176 | D:14     | Killed a tengu warrior
 12408 | D:14     | Received a gift from Okawaru
 12415 | D:14     | Reached skill level 17 in Axes
 12476 | D:14     | Noticed a centaur warrior
 12485 | D:14     | Killed a centaur warrior
 12485 | D:14     | Received a gift from Okawaru
 13048 | D:14     | Noticed a centaur warrior
 13052 | D:14     | Killed a centaur warrior
 13052 | D:14     | Reached XP level 13. HP: 122/122 MP: 12/12
 13424 | D:14     | Received a gift from Okawaru
 13494 | D:14     | Found a gate to the Vaults.
 13501 | D:14     | Reached skill level 18 in Axes
 13698 | D:15     | Entered Level 15 of the Dungeon
 13730 | D:15     | Noticed Roxanne
 14165 | D:15     | Found Gafrez's Gadget Shop.
 14273 | D:15     | Found Kuti's Jewellery Emporium.
 14276 | D:15     | Bought an uncursed ring of poison resistance for 260 gold pieces
 14280 | D:15     | Found a staircase to the Depths.
 14295 | D:15     | Noticed a fire giant
 14307 | D:15     | Killed a fire giant
 14307 | D:15     | Received a gift from Okawaru
 14373 | D:15     | Found Zownyp's Assorted Antiques.
 14478 | D:15     | Found Ekiuporch's Assorted Antiques.
 14486 | D:15     | Bought a scroll of identify for 66 gold pieces
 14486 | D:15     | Bought a scroll labeled DOLEISM ETOSOIJ for 33 gold pieces
 14496 | D:15     | Bought a fuming orange potion for 26 gold pieces
 14579 | D:15     | Found Uxovos's Food Shop.
 14584 | D:15     | Bought a bread ration for 70 gold pieces
 14584 | D:15     | Bought a meat ration for 70 gold pieces
 14584 | D:15     | Bought a meat ration for 70 gold pieces
 14584 | D:15     | Bought a meat ration for 70 gold pieces
 14642 | D:15     | Noticed a fire dragon
 14654 | D:15     | Killed a fire dragon
 14846 | D:15     | Reached XP level 14. HP: 124/133 MP: 13/13
 14989 | Orc:1    | Entered Level 1 of the Orcish Mines
 15192 | Orc:1    | Reached skill level 19 in Axes
 15351 | Orc:2    | Entered Level 2 of the Orcish Mines
 15373 | Orc:2    | Reached skill level 15 in Fighting
 15387 | Orc:2    | Demolished by a hill giant

Skill      XL: |  1  2  3  4  5  6  7  8  9 10 11 12 13 14 |
---------------+-------------------------------------------+-----
Fighting       | 4 5 6 7 8 10 11 13 14 15 | 15.2
Axes           | 4 6 7 10 11 13 15 17 18 19 | 19.2
Armour         | 4 5 6 7 8 9 10 12 13 | 13.3
Dodging        | 1 2 3 4 5 6 7 |  7.0
Stealth        | |  0.8
Shields        | |  3.6
Unarmed Combat | |  0.2

Action                   |  1- 3 |  4- 6 |  7- 9 | 10-12 | 13-15 || total
-------------------------+-------+-------+-------+-------+-------++-------
Melee: War axe           |    63 |   110 |   225 |   474 |     4 ||   876
       Headbutt          |    12 |    13 |    48 |   112 |    82 ||   267
       Unarmed           |       |       |       |    11 |       ||    11
       Broad axe         |       |       |       |   137 |   295 ||   432
  Use: Potion            |     1 |     1 |     1 |     1 |     1 ||     5
       Scroll            |       |       |     7 |    16 |     4 ||    27
 Stab: Paralysed         |       |     1 |       |       |       ||     1
  Eat: Bread ration      |       |     1 |       |     1 |     2 ||     4
       Chunk             |       |       |     5 |     5 |       ||    10
       Royal jelly       |       |       |     1 |       |       ||     1
       Fruit             |       |       |     4 |     5 |       ||     9
       Beef jerky        |       |       |       |    11 |       ||    11
       Meat ration       |       |       |       |     1 |       ||     1
Armor: Scale mail        |    35 |    65 |    86 |   114 |       ||   300
       Plate armour      |       |       |       |   108 |   130 ||   238
Dodge: Dodged            |    27 |    40 |    73 |   180 |   114 ||   434
Block: Shield            |    36 |    69 |    96 |   234 |       ||   435
       Buckler           |       |       |       |    12 |    56 ||    68
